 Dungeon Sprint DCSS version 0.29.1-12-g30fa7ad0bf (webtiles) character file.

Game seed: 448625566520954536

1278 retardedninja the Cleaver (level 8, -3/79 HPs)
             Began as a Hill Orc Fighter on Dec 16, 2022.
             Was a Follower of Trog.
             Slain by a fire elemental (10 damage)
             ... summoned by a deep elf pyromancer
             ... in the Dungeon (Sprint IX: "|||||||||||||||||||||||||||||").
             The game lasted 00:02:54 (902 turns).

retardedninja the Cleaver (Hill Orc Fighter)         Turns: 902, Time: 00:02:55

Health: -3/79      AC: 16    Str: 24    XL:     8   Next: 54%
Magic:  8/8        EV:  9    Int:  8    God:    Trog [*.....]
Gold:   0          SH:  6    Dex: 13    Spells: 7/7 levels left

rFire   . . .      SeeInvis .   i - +1 broad axe (vorpal)
rCold   . . .      Faith    .   c - +0 buckler
rNeg    . . .      Spirit   .   m - +1 chain mail
rPois   .          Reflect  .   (no helmet)
rElec   .          Harm     .   l - +0 cloak
rCorr   .          Rampage  .   (no gloves)
Will    ++...      NoTele   +   k - +0 pair of boots
Stlth   ..........              (no amulet)
HPRegen 1.23/turn               o - +3 ring of strength
MPRegen 0.11/turn               n - +3 ring of dexterity

@: on fire, strong-willed, on berserk cooldown, regenerating, slowed, glowing,
very slow
A: no striking features
a: Renounce Religion, Berserk


You were in the Dungeon.
You worshipped Trog.
Trog was aware of your devotion.
You visited 1 branch

Inventory:

Hand Weapons
 a - a +0 war axe
 i - a +1 vorpal broad axe (weapon)
Armour
 c - a +0 buckler (worn)
 k - a +0 pair of boots (worn)
 l - a +0 cloak (worn)
 m - a +1 chain mail (worn)
Jewellery
 n - a +3 ring of dexterity (right hand)
 o - a +3 ring of strength (left hand)
Wands
 g - a wand of acid (5)
Scrolls
 j - a scroll of blinking
Potions
 e - 4 potions of curing
 f - a potion of heal wounds
 h - 4 potions of magic


   Skills:
 + Level 10.3 Fighting
 + Level 12.2 Axes
 + Level 11.6 Armour
 + Level 3.6 Dodging
 + Level 2.8 Stealth
 + Level 8.5 Shields
 + Level 2.1 Evocations


You had 7 spell levels left.
You didn't know any spells.
Your spell library was empty.

Dungeon Overview and Level Annotations

Branches:
Dungeon (1/1)

Altars:
Cheibriados
Dithmenos
Elyvilon
Fedhas
Gozag
Hepliaklqana
Kikubaaqudgha
Makhleb
Nemelex Xobeh
Okawaru
Qazlal
Ru
Sif Muna
Trog
Uskayaw
Vehumet
Wu Jian
Xom
Yredelemnul
Zin
The Shining One
Beogh
Jiyva
Lugonu


Message History

The bolt of acid hits the manticore!
The manticore is almost dead.
The bolt of acid hits the white imp!
The acid corrodes the white imp!
You kill the white imp!
The white imp disappears in a puff of smoke!
The bolt of acid hits the kobold demonologist!
The acid corrodes the kobold demonologist!
The kobold demonologist is moderately wounded.
The bolt of acid hits something!
The acid corrodes something!
The manticore bites you but does no damage.
The manticore claws you but does no damage.
You block the manticore's attack.
The deep elf pyromancer mumbles some strange words.
The deep elf pyromancer blinks!
You block the manticore's attack. The manticore barely misses you.
The manticore claws you!
Blink to where?
Press: ? - help, Dir - move target, p - kobold demonologist Oops!
There was something there already!
You blink.
As you read the scroll of blinking, it crumbles to dust.
The fire elemental hits you. The fire elemental burns you!
Unknown command.
You hit the deep elf pyromancer.
The deep elf pyromancer is moderately wounded.
You slash the fire elemental! The fire elemental barely misses you.
The deep elf pyromancer gestures at you while chanting.
The sticky flame hits you!
You are covered in liquid flames!
* * * LOW HITPOINT WARNING * * *
The kobold demonologist gestures wildly while chanting.
You block the fire elemental's attack.
The deep elf pyromancer casts a spell.
Your skin crawls.
You feel strong-willed.
You can no longer call upon Trog for regeneration and willpower.
You are covered in liquid flames!
* * * LOW HITPOINT WARNING * * *
The fire elemental barely misses you. The fire elemental hits you.
The fire elemental burns you!
You die... ▓▓▓▓▓▓▓▓▓▓▓▓▓▓▓▓▓▓▓▓▓▓▓▓▓▓▓ __'.?)....[.'EEe@E.H5K.5..+ ▓▓▓▓▓▓▓▓▓▓▓▓▓▓▓▓▓▓▓▓▓▓▓▓▓▓▓

You could see a manticore, a deep elf pyromancer, a kobold demonologist (corroded), 3 fire elementals, a crimson imp (summoned) and a white imp (summoned).

Vanquished Creatures
  An ugly thing (D)
  A gargoyle (D)
  A slime creature (D)
  A steam dragon (D)
  An acid dragon (D)
  A howler monkey (D)
  An orc priest (D)
  An orc wizard (D)
  An adder (D)
  2 worms (D)
  A bat (D)
  An endoplasm (D)
  A hobgoblin (D)
  A kobold (D)
  A goblin (D)
16 creatures vanquished.

Vanquished Creatures (others)
  An orc warrior (D)
  A howler monkey (D)
2 creatures vanquished.

Grand Total: 18 creatures vanquished

Notes
Turn   | Place    | Note
-------+----------+-------------------------------------------
     0 | D        | retardedninja the Hill Orc Fighter began the quest for the
                  | Orb.
     0 | D        | Reached XP level 1. HP: 19/19 MP: 1/1
    15 | D        | Reached skill level 3 in Axes
   432 | D        | Noticed an orc wizard
   432 | D        | Noticed a howler monkey
   445 | D        | Killed an orc wizard
   446 | D        | Reached skill level 5 in Fighting
   446 | D        | Reached skill level 4 in Axes
   446 | D        | Reached XP level 2. HP: 20/29 MP: 2/2
   446 | D        | Reached XP level 3. HP: 25/36 MP: 3/3
   448 | D        | Reached skill level 5 in Shields
   450 | D        | Reached skill level 5 in Armour
   457 | D        | Reached skill level 5 in Axes
   457 | D        | Reached skill level 1 in Dodging
   457 | D        | Reached XP level 4. HP: 27/44 MP: 4/4
   690 | D        | Found a roughly hewn altar of Beogh.
   690 | D        | Found a snail-covered altar of Cheibriados.
   690 | D        | Found a shadowy altar of Dithmenos.
   690 | D        | Found a white marble altar of Elyvilon.
   690 | D        | Found a blossoming altar of Fedhas.
   690 | D        | Found an opulent altar of Gozag.
   691 | D        | Found a hazy altar of Hepliaklqana.
   692 | D        | Found a viscous altar of Jiyva.
   693 | D        | Found an ancient bone altar of Kikubaaqudgha.
   694 | D        | Found a corrupted altar of Lugonu.
   695 | D        | Found a burning altar of Makhleb.
   696 | D        | Found a sparkling altar of Nemelex Xobeh.
   697 | D        | Found an iron altar of Okawaru.
   698 | D        | Found a stormy altar of Qazlal.
   699 | D        | Found a sacrificial altar of Ru.
   700 | D        | Found a shimmering blue altar of Sif Muna.
   701 | D        | Found a bloodstained altar of Trog.
   702 | D        | Found a hide-covered altar of Uskayaw.
   703 | D        | Found a radiant altar of Vehumet.
   704 | D        | Found an ornate altar of the Wu Jian Council.
   705 | D        | Found a shimmering altar of Xom.
   706 | D        | Found a basalt altar of Yredelemnul.
   707 | D        | Found a glowing silver altar of Zin.
   708 | D        | Found a glowing golden altar of the Shining One.
   737 | D        | Became a worshipper of Trog the Wrathful
   791 | D        | Noticed an acid dragon
   791 | D        | Noticed an orc warrior
   791 | D        | Noticed a gargoyle
   791 | D        | Noticed a steam dragon
   794 | D        | Killed an orc warrior
   795 | D        | Reached skill level 7 in Axes
   795 | D        | Reached XP level 5. HP: 51/52 MP: 5/5
   795 | D        | Killed a gargoyle
   796 | D        | Reached skill level 9 in Axes
   796 | D        | Reached skill level 1 in Stealth
   796 | D        | Reached skill level 1 in Evocations
   796 | D        | Reached XP level 6. HP: 61/62 MP: 6/6
   796 | D        | Reached XP level 7. HP: 67/69 MP: 7/7
   797 | D        | Reached * piety under Trog
   798 | D        | Reached skill level 10 in Armour
   802 | D        | Killed a steam dragon
   803 | D        | Reached skill level 10 in Axes
   878 | D        | Noticed a cyan ugly thing
   878 | D        | Noticed a slime creature
   878 | D        | Noticed a manticore
   878 | D        | Noticed a deep elf pyromancer
   878 | D        | Noticed a kobold demonologist
   890 | D        | Killed a cyan ugly thing
   891 | D        | Reached skill level 10 in Fighting
   891 | D        | Reached skill level 11 in Axes
   891 | D        | Reached XP level 8. HP: 42/79 MP: 8/8
   894 | D        | Killed a slime creature
   894 | D        | Reached ** piety under Trog
   895 | D        | Reached skill level 12 in Axes
   902 | D        | Slain by a fire elemental

Illustrated notes

Levels and vault maps discovered:
D:        linesprint [early_d, line_temple, items_1, d_10, items_2, lair_1,
          lair_end, items_3, orc_1, orc_end, items_4, d_15, swamp_1, shoals_1,
          snake_1, spider_1, d_20, vaults_1, items_5, swamp_end, shoals_end,
          snake_end, spider_end, vaults_end, d_27, items_6, zot_1, zot_end,
          crypt_end, forest_end, elf_end, slime_end, tomb_end, abyss_end,
          pan_hell_end]

Skill      XL: |  1  2  3  4  5  6  7  8 |
---------------+-------------------------+-----
Fighting       | 5 7 8 10 | 10.3
Axes           | 4 5 7 9 11 12 | 12.2
Armour         | 4 6 7 9 11 | 11.6
Shields        | 4 5 6 7 8 |  8.5
Dodging        | 1 2 3 |  3.6
Stealth        | 1 2 |  2.8
Evocations     | 1 2 |  2.1

Action                   |  1- 3 |  4- 6 |  7- 9 || total
-------------------------+-------+-------+-------++-------
Melee: War axe           |    41 |       |       ||    41
       Broad axe         |       |       |    19 ||    19
Invok: Berserk           |       |       |     1 ||     1
       Trog's Hand       |       |       |     1 ||     1
Evoke: Wand              |       |     3 |     2 ||     5
  Use: Potion            |     4 |     1 |     2 ||     7
       Scroll            |       |       |     1 ||     1
 Stab: Invisible         |       |       |     1 ||     1
Armor: Scale mail        |    17 |       |       ||    17
       Chain mail        |       |     1 |    13 ||    14
Dodge: Dodged            |    26 |     6 |    13 ||    45
Block: Buckler           |     9 |       |    12 ||    21
